 Dungeon Crawl Stone Soup version 0.30-b1-2-g02819fbbbe (webtiles) character file.

Game seed: 18378524464196023446

58 MirrMurr the Trooper (level 4, -1/29 HPs)
             Began as a Gargoyle Berserker on May 20, 2023.
             Was a Follower of Trog.
             Slain by Robin
             ... wielding a +3 trident of holy wrath
              (7 damage)
             ... on level 2 of the Dungeon.
             The game lasted 00:02:46 (1194 turns).

MirrMurr the Trooper (Gargoyle Berserker)           Turns: 1194, Time: 00:02:46

Health: -1/29      AC:  9    Str: 20    XL:     4   Next: 1%
Magic:  4/4        EV: 11    Int:  8    God:    Trog [*.....]
Gold:   95         SH:  0    Dex: 11    Spells: 3/3 levels left

rFire   . . .        a - +0 trident
rCold   . . .        (no shield)
rNeg    + . .        b - +0 ring mail
rPois   ∞            (no helmet)
rElec   +            (no cloak)
rCorr   .            (no gloves)
SInv    .            (no boots)
Will    .....        (no amulet)
Stlth   +            (no ring)
HPRegen 0.24/turn    (no ring)
MPRegen 0.09/turn

%: no passive effects
@: no status effects
A: sickness immunity, AC +3, negative energy resistance 1, electricity
resistance, torment resistance 1, petrification resistance
a: Renounce Religion, Berserk


You were on level 2 of the Dungeon.
You worshipped Trog.
Trog was aware of your devotion.
You visited 1 branch of the dungeon, and saw 2 of its levels.

You collected 95 gold pieces.

Inventory:

Hand Weapons
 a - a +0 trident (weapon)
Missiles
 e - 17 stones (quivered)
Armour
 b - a +0 ring mail (worn)
Scrolls
 c - a scroll of noise {unknown}
 d - 2 scrolls of vulnerability {unknown}
 f - a scroll of blinking {unknown}
 g - 2 scrolls of magic mapping {unknown}
 h - a scroll of identify {unknown}


   Skills:
 + Level 3.7 Fighting
 * Level 3.4 Polearms
 + Level 2.8 Armour
 + Level 2.0 Dodging


You had 3 spell levels left.
You didn't know any spells.
Your spell library was empty.

Dungeon Overview and Level Annotations

Branches:
Dungeon (2/15)

Altars:
Ashenzari

Annotations:
D:2 Robin


Innate Abilities, Weirdness & Mutations

You are immune to sickness and miasma.
Your stone body is resilient. (AC +3)
You are immune to poison.
You resist negative energy. (rN+)
You are resistant to electric shocks. (rElec)
You are resistant to unholy torment.
You are immune to petrification.


Message History

The goblin goes into a battle-frenzy!
Unknown command.
You completely miss the goblin.
The goblin unwields a +0 sling.
The goblin wields a +0 club.
The goblin hits you with a +0 club.
You closely miss the goblin. The goblin hits you with a +0 club.
The rat closely misses you. Robin misses you.
You closely miss the goblin. The goblin hits you but does no damage.
The rat bites you but does no damage. Robin closely misses you.
The goblin misses you.
You hit the goblin.
You kill the goblin!
Trog accepts your kill. The rat bites you but does no damage.
Robin barely misses you.
You have reached level 4!
You feel clever.
You fail to use your ability.
The rat barely misses you.
Robin hits you from afar with a +3 trident of holy wrath!
You hit the rat but do no damage. The rat bites you but does no damage.
A goblin comes into view. It is wielding a +0 club.
Robin barely misses you.
You puncture the rat!
You kill the rat!
Trog accepts your kill. Robin barely misses you.
A goblin comes into view. It is wielding a +0 dagger.
Robin hits you with a +3 trident of holy wrath.
Things that are here:
a +0 club; a +0 dagger; a goblin corpse You barely miss Robin.
Robin hits you with a +3 trident of holy wrath.
* * * LOW HITPOINT WARNING * * *
Robin throws the goblin at you!
You barely miss Robin. The goblin hits you with a +0 dagger.
* * * LOW HITPOINT WARNING * * *
Robin misses you.
You puncture Robin!
Robin is severely wounded.
The goblin hits you but does no damage.
Robin hits you with a +3 trident of holy wrath!
You die...

....###.......###....########
...#.#.#.....#.#.#...#
..#..#..#...#..#..#..#
.#...#...#.#...#...#.#
.##################### .##
#..# ..# #..## ... #.#
#...#######.# #.##
#....)g@gg#.# #..####
###.#####.#.# ## ##....###
#.# #.#.# gg ####...# #.#
#g#.# .# ###.####.#####.#.#
.# #...........g#.###.#####
##.###.###.......gr....# #.#
#.# #.........###.# #>#
#.#...._..#####


You could see Robin and 2 goblins.

Vanquished Creatures
  Jessica (D:2)
  An adder (D:2)
  A dart slug (D:2)
  A ball python (D:1)
  3 giant cockroaches
  3 goblins (D:2)
  3 hobgoblins
  2 quokkas (D:1)
  2 kobolds (D:1)
  2 rats
19 creatures vanquished.

Notes
Turn   | Place    | Note
-------+----------+-------------------------------------------
     0 | D:1      | MirrMurr the Gargoyle Berserker began the quest for the
                  | Orb.
     0 | D:1      | Reached XP level 1. HP: 14/14 MP: 1/1
   387 | D:1      | Reached XP level 2. HP: 19/19 MP: 2/2
   682 | D:1      | Found a faded altar of an unknown god.
   977 | D:2      | Noticed Jessica
   980 | D:2      | Killed Jessica
   981 | D:2      | Reached XP level 3. HP: 23/23 MP: 3/3
  1131 | D:2      | Found a broken altar of Ashenzari.
  1167 | D:2      | Noticed Robin
  1188 | D:2      | Reached XP level 4. HP: 25/29 MP: 4/4
  1194 | D:2      | Slain by Robin

Illustrated notes

Levels and vault maps discovered:
D:1:      dpeg_arrival_refuge, layout_basic, ebering_ecumenical_altar_box
D:2:      layout_loops_ring, basic_altar, serial_shops, shop,
          grunt_ministairs_8, hangedman_decor_diamond_cutter,
          hangedman_decor_lopped, minivault_19, minivault_26, uniq_jessica,
          uniq_robin

Skill      XL: |  1  2  3 |
---------------+----------+-----
Polearms       | 3 |  3.4
Dodging        | 2 |  2.0
Fighting       | |  3.7
Armour         | |  2.8

Action                     |  1- 3 |  4- 6 || total
---------------------------+-------+-------++-------
  Melee: Spear             |    16 |       ||    16
         Trident           |    42 |     5 ||    47
   Stab: Sleeping          |     1 |       ||     1
 Armour: Animal skin       |    10 |       ||    10
         Ring mail         |    11 |     3 ||    14
  Dodge: Dodged            |    30 |     4 ||    34
